Map: Thunderbird LE

Players

lIIllllIIlll (INnoVation) - Winner!

  • Race: Terran Terran
  • Spawn Location: 11:00

Lambo

  • Race: Zerg Zerg
  • League: Master
  • Spawn Location: 5:00

Event: 2019 Assembly Summer

VOD

Have the link to the VOD?

Description

Time

  • Played on: Aug. 1, 2019, 9:01 a.m.
  • Length: 7:59

All games in this series

Show
View Real Time Build Order
Export as new Build Order

lIIllllIIlll Terran - Winner!

Build Orders: Reaper Expand, Banshee Rush 

Get SALT Encoding   

  12  0:00  SCV  
  13  0:12  SCV  
  14  0:17  Supply Depot  
  14  0:24  SCV  
  15  0:38  SCV  
  15  0:40  Barracks  
  16  0:43  Refinery  
  16  0:50  SCV  
  17  1:02  SCV  
  18  1:15  SCV  
  19  1:26  Reaper  
  19  1:27  Orbital Command  
  20  1:38  Command Center  
  20  1:48  Supply Depot  
  20  1:52  SCV  
  21  1:58  Marine  
  22  2:04  SCV  
  22  2:06  Factory  
  23  2:12  Refinery  
  23  2:16  SCV  
  23  2:19  Barracks Reactor  
  24  2:28  SCV  
  25  2:41  SCV  
  26  2:50  Orbital Command  
  26  2:51  Starport  
  26  2:53  SCV  
  27  2:59  Hellion x2  
  27  3:03  Barracks Tech Lab  
  27  3:05  SCV  
  32  3:16  SCV  
  32  3:17  SCV  
  34  3:20  Hellion x2  
  34  3:26  Supply Depot  
  38  3:28  SCV  
  38  3:29  SCV  
  38  3:33  Cloaking Field  
  40  3:34  Banshee  
  40  3:36  Barracks Tech Lab  
  43  3:42  SCV x2  
  45  3:56  Command Center, SCV x2  
  45  3:57  Marine  
  48  4:05  Supply Depot  
  48  4:08  SCV x2  
  50  4:15  Marine  
  51  4:17  Banshee  
  51  4:18  Factory Reactor  
  54  4:24  Barracks, SCV  
  54  4:27  SCV  
  54  4:28  Barracks  
  55  4:33  Supply Depot  
  55  4:34  Marine  
  55  4:36  SCV  
  57  4:39  Stimpack, SCV  
  58  4:48  SCV  
  58  4:49  Engineering Bay  
  58  4:51  Engineering Bay, SCV  
  60  4:53  Marine  
  61  5:00  Refinery x2  
  61  5:01  SCV  
  61  5:03  SCV  
  63  5:08  Starport Reactor  
  63  5:09  Orbital Command  
  63  5:13  SCV  
  64  5:15  SCV, Terran Infantry Weapons Level 1  
  64  5:17  Marine x2, Terran Infantry Armor Level 1  
  64  5:18  Marine  
  68  5:24  Marine  
  68  5:25  SCV  
  68  5:26  Marine  
  68  5:27  SCV  
  72  5:28  Supply Depot  
  72  5:32  Siege Tank  
  72  5:35  Marine  
  75  5:36  SCV  
  75  5:37  SCV  
  75  5:38  Marine  
  75  5:39  Marine, SCV  
  81  5:44  Marine x2  
  81  5:47  Medivac  
  85  5:51  Supply Depot, Medivac  
  85  5:54  SCV x3  
  90  5:57  Marine x2  
  90  5:58  Marine  
  93  6:13  Marine x2, Siege Tank, SCV x2  
  93  6:15  Supply Depot, Barracks x2  
  93  6:17  Supply Depot  
  100  6:24  SCV  
  100  6:25  Medivac, SCV  
  101  6:30  Armory  
  101  6:32  Refinery x2  
  101  6:36  Marine x3, Medivac, SCV  
  101  6:37  Supply Depot, SCV  
  101  6:38  SCV  
  109  6:40  Supply Depot  
  109  6:43  Marine x2  
  109  6:45  Siege Tank  
  114  6:49  SCV  
  114  6:51  SCV x2  
  117  6:59  Marine x3  
  117  7:01  Factory, Marine x2, SCV  
  121  7:07  SCV x2  
  125  7:10  Marine  
  125  7:13  SCV  
  128  7:18  Supply Depot  
  128  7:22  Supply Depot  
  128  7:24  Siege Tank  
  128  7:26  Marine  
  128  7:27  Marine  
  128  7:28  Marine, Barracks Reactor  
  128  7:29  Barracks Reactor  
  133  7:40  Marine x2  
  137  7:48  Supply Depot  
  137  7:49  Supply Depot  
Show
View Real Time Build Order
Export as new Build Order

Lambo Zerg 

Build Orders: Hatch First 

Get SALT Encoding   

  12  0:00  Drone  
  13  0:12  Overlord  
  13  0:17  Drone  
  14  0:30  Drone x2  
  16  0:47  Hatchery  
  15  0:50  Drone  
  15  0:54  Drone  
  15  0:57  Drone  
  18  1:07  Extractor  
  17  1:11  Spawning Pool  
  17  1:14  Drone  
  17  1:18  Drone  
  18  1:27  Drone  
  19  1:38  Drone  
  20  1:52  Overlord  
  20  1:59  Queen x2  
  20  2:00  Zergling x4  
  26  2:08  Metabolic Boost  
  26  2:11  Drone x2  
  28  2:21  Drone x2  
  30  2:32  Overlord  
  30  2:34  Drone  
  30  2:35  Queen  
  33  2:40  Queen  
  35  2:44  Drone  
  35  2:51  Drone  
  37  2:54  Drone x2  
  39  3:05  Drone x2  
  41  3:10  Hatchery  
  40  3:14  Drone x4  
  44  3:24  Overlord  
  44  3:25  Overlord  
  44  3:32  Extractor  
  44  3:33  Queen, Extractor  
  46  3:44  Drone  
  46  3:45  Drone  
  46  3:48  Zergling x8  
  52  3:51  Zergling x2  
  52  3:52  Drone x3  
  56  4:00  Drone  
  57  4:04  Drone  
  58  4:13  Drone x2  
  58  4:17  Evolution Chamber  
  59  4:18  Drone x2, Evolution Chamber  
  59  4:22  Drone  
  59  4:23  Overlord  
  61  4:25  Overlord  
  61  4:26  Overlord  
  61  4:29  Spore Crawler  
  60  4:31  Overlord  
  60  4:35  Spore Crawler  
  60  4:37  Spore Crawler  
  58  4:41  Queen  
  58  4:43  Overlord  
  58  4:44  Drone x5  
  65  4:45  Zerg Ground Armor Level 1  
  65  4:46  Zerg Melee Weapons Level 1  
  65  4:50  Drone x3  
  65  4:52  Drone  
  69  4:53  Drone  
  69  4:56  Drone, Extractor  
  69  4:57  Extractor  
  69  4:58  Drone  
  69  4:59  Drone  
  71  5:00  Drone  
  71  5:06  Drone x2  
  74  5:08  Drone  
  74  5:09  Baneling Nest  
  74  5:12  Drone  
  75  5:14  Drone x3  
  75  5:19  Drone  
  75  5:20  Drone x3  
  82  5:21  Queen  
  82  5:24  Drone x3  
  87  5:29  Extractor  
  86  5:36  Hatchery  
  86  5:37  Drone x4  
  86  5:39  Extractor  
  86  5:41  Lair  
  88  5:44  Drone x2, Extractor  
  88  5:47  Drone  
  88  5:49  Drone x2  
  92  5:55  Drone x7  
  96  5:59  Spore Crawler  
  96  6:00  Drone x3  
  97  6:05  Drone  
  97  6:07  Drone  
  97  6:10  Drone  
  96  6:17  Drone  
  96  6:18  Drone  
  97  6:20  Drone  
  97  6:21  Overlord  
  97  6:25  Overlord  
  97  6:28  Zergling x2  
  97  6:30  Overlord  
  97  6:32  Overlord  
  98  6:34  Baneling x3  
  98  6:37  Overlord  
  98  6:42  Zergling x10  
  98  6:43  Baneling x3  
  98  6:45  Zergling x2  
  98  6:46  Zergling x4  
  106  6:48  Zergling x2  
  106  6:50  Zergling x8  
  111  6:54  Zergling x4  
  111  6:55  Hydralisk Den  
  111  6:58  Zergling x2  
  111  6:59  Zergling x6  
  116  7:08  Drone x3  
  119  7:10  Zergling x2  
  119  7:15  Overlord x2  
  120  7:16  Overlord  
  120  7:18  Zergling x12  
  120  7:19  Baneling  
  120  7:20  Baneling x5  
  120  7:22  Overseer  
  125  7:24  Drone x2  
  125  7:27  Extractor  
  125  7:28  Hydralisk x3  
  134  7:30  Infestation Pit  
  134  7:32  Zergling x4  
  134  7:35  Baneling x9  
  135  7:37  Zergling x2  
  135  7:38  Zergling x6  
  145  7:45  Baneling  
Tags
 
Add a new tag
Caveats
  • Supply blocks, unpowered buildings, or Contaminate may cause inaccurate times.
  • Supply counts are checked every 10 seconds.